[Event "Titled Tuesday Blitz June 13 Early 2023"]
[White "Domingo Nunez, Ruben"]
[Black "Gonzalez Vega, Alejandro"]
[WhiteFideId "22245570"]
[BlackFideId "3510042"]
[WhiteElo "2404"]
[BlackElo "2306"]
[Result "1-0"]
[Round "1"]
[TimeControl "180+2"]
[Date "2023.06.13"]
[WhiteClock "0:00:07"]
[BlackClock "0:00:08"]
[Board "160"]

1. c4 e5 2. g3 Nc6 3. Bg2 Bc5 4. Nc3 d6 5. a3 a6 6. b4 Ba7 7. e3 h5 8. h3 h4 9. g4 f5 10. Bb2 Nf6 11. gxf5 Bxf5 12. Qb3 Rb8 13. O-O-O Qd7 14. Nge2 a5 15. b5 Ne7 16. d4 e4 17. d5 Ng6 18. Nd4 Bxd4 19. Rxd4 Qe7 20. Qc2 O-O 21. Nxe4 c6 22. Nxf6+ Rxf6 23. Be4 Bxe4 24. Rxe4 Qf7 25. Rg4 Ne5 26. Bxe5 dxe5 27. Rhg1 Kh8 28. Rxh4+ Kg8 29. Rhg4 cxd5 30. cxd5 Kf8 31. Rxg7 Qxg7 32. Rxg7 Kxg7 33. Qc7+ Rf7 34. Qxe5+ Kg6 35. Qxb8 Rxf2 36. Qg3+ Kh5 37. Qxf2 1-0


[Site "https://www.chess.com"]

[Event "Titled Tuesday Blitz June 13 Early 2023"]
[White "Bolanos, Fernando"]
[Black "Kumsiashvili, Nikoloz"]
[WhiteFideId "3304094"]
[BlackFideId "13600621"]
[WhiteElo "2097"]
[BlackElo "2299"]
[Result "0-1"]
[Round "1"]
[TimeControl "180+2"]
[Date "2023.06.13"]
[WhiteClock "0:00:12"]
[BlackClock "0:00:36"]
[Board "161"]

1. e4 c5 2. Nf3 e6 3. d4 cxd4 4. Nxd4 Nc6 5. Nc3 Qc7 6. Be2 a6 7. O-O Nf6 8. Qd3 Be7 9. Nxc6 dxc6 10. Bg5 O-O 11. Rad1 h6 12. Bh4 e5 13. Bg3 Be6 14. Kh1 b5 15. f4 Rad8 16. Qe3 Ng4 17. Qg1 Rxd1 18. Nxd1 exf4 19. Bxf4 Ne5 20. Nf2 Bd6 21. h3 Rd8 22. Qh2 f6 23. Rd1 Kh7 24. Qg3 Nf7 25. Bxd6 Rxd6 26. Kh2 Qd7 27. Bd3 Ne5 28. Re1 c5 29. a3 c4 30. Be2 Rd2 31. Rd1 Rxd1 32. Bxd1 Qd2 33. Qc3 Qxf2 0-1


[Site "https://www.chess.com"]

[Event "Titled Tuesday Blitz June 13 Early 2023"]
[White "Ibadov, Dashgyn"]
[Black "rikchessmx"]
[WhiteFideId "24107514"]
[WhiteElo "2208"]
[BlackElo "2306"]
[Result "1/2-1/2"]
[Round "1"]
[TimeControl "180+2"]
[Date "2023.06.13"]
[WhiteClock "0:00:03"]
[BlackClock "0:00:06"]
[Board "162"]

1. e4 e5 2. Nf3 Nc6 3. d4 exd4 4. Nxd4 Nf6 5. Nc3 Bb4 6. Nxc6 bxc6 7. Bd3 d5 8. exd5 cxd5 9. O-O O-O 10. h3 h6 11. Qf3 c6 12. Bf4 Bd6 13. Na4 Rb8 14. Bxd6 Qxd6 15. Qg3 Qxg3 16. fxg3 Re8 17. Rae1 Be6 18. b3 Nd7 19. g4 c5 20. Bf5 Bxf5 21. gxf5 Kf8 22. Nc3 Nf6 23. g4 Rbd8 24. Rxe8+ Rxe8 25. Rd1 d4 26. Na4 Re2 27. Nxc5 Rxc2 28. b4 Rxa2 29. Rxd4 a5 30. Rd8+ Ke7 31. Ra8 Ra1+ 32. Kg2 Ra2+ 33. Kf3 Ra3+ 34. Kg2 axb4 35. Rb8 Kd6 36. Rb5 Kc6 37. Rxb4 Kxc5 38. Rb7 Ne4 39. Rxf7 Rg3+ 40. Kh2 Kd4 41. Rxg7 Ke3 42. f6 Rf3 43. Ra7 Rxf6 44. Ra3+ Ke2 45. Ra2+ Kf1 46. Ra1+ Kf2 47. Ra2+ Ke3 48. Ra3+ Kf4 49. Kg2 Rd6 50. Rf3+ Ke5 51. Rf5+ Kd4 52. Kf3 Rf6 53. Kf4 Ra6 54. h4 Ra2 55. Kf3 Ra3+ 56. Kf4 Rh3 57. g5 Rxh4+ 58. Kf3 h5 59. g6 Rg4 60. Rxh5 Rxg6 61. Ra5 Rf6+ 62. Kg4 Nc5 63. Ra1 Re6 64. Kf5 Re4 65. Rd1+ Nd3 66. Ra1 Re5+ 67. Kf6 Rc5 68. Ra4+ Rc4 69. Rxc4+ Kxc4 1/2-1/2


[Site "https://www.chess.com"]

[Event "Titled Tuesday Blitz June 13 Early 2023"]
[White "Simonovic, Miroslav"]
[Black "Sourath Biswas"]
[WhiteFideId "919152"]
[BlackFideId "35091484"]
[WhiteElo "2075"]
[BlackElo "2171"]
[Result "0-1"]
[Round "1"]
[TimeControl "180+2"]
[Date "2023.06.13"]
[WhiteClock "0:00:04"]
[BlackClock "0:00:21"]
[Board "163"]

1. d4 Nf6 2. Bg5 d5 3. Bxf6 exf6 4. e3 Be7 5. c4 O-O 6. Nc3 dxc4 7. Bxc4 c5 8. Nge2 cxd4 9. Qxd4 Nc6 10. Qxd8 Rxd8 11. a3 a6 12. Rd1 Bf5 13. e4 Rxd1+ 14. Kxd1 Rd8+ 15. Kc2 Bg4 16. f3 Bc8 17. Rd1 Rxd1 18. Nxd1 Bd6 19. h3 Ne5 20. Bd5 Ng6 21. b4 Nh4 22. Ne3 g6 23. Kc3 Bb8 24. a4 Ba7 25. Nd4 Bb8 26. Ne2 Be5+ 27. Kc4 Bb8 28. b5 axb5+ 29. axb5 Kf8 30. f4 g5 31. g3 Ng6 32. f5 Ne5+ 33. Kc5 Ba7+ 34. b6 Nd7+ 35. Kb5 Bxb6 36. Nc4 Bc7 37. g4 h5 38. Nd4 hxg4 39. hxg4 Ke7 40. Na5 Ne5 41. Nxb7 Bd7+ 42. Kb4 Nxg4 43. Nc5 Bd6 44. Nb5 Ne3 45. Nxd6 Nxd5+ 46. exd5 Kxd6 47. Kc4 Bxf5 48. Nb7+ Kc7 49. Nc5 Bh3 50. Kd4 Bg2 51. Nd3 Kd6 52. Nb2 Bxd5 53. Nd3 f5 54. Nf2 g4 55. Ke3 Ke5 56. Nd3+ Kf6 57. Kf4 Be4 58. Ne5 Ke6 59. Nxg4 fxg4 60. Kxe4 f5+ 61. Kf4 Kf6 62. Kg3 Kg5 63. Kf2 f4 0-1


[Site "https://www.chess.com"]

[Event "Titled Tuesday Blitz June 13 Early 2023"]
[White "Atanasov, Anthony"]
[Black "Bashkansky, Ethan"]
[WhiteFideId "2623897"]
[BlackFideId "2071533"]
[WhiteElo "2328"]
[BlackElo "2300"]
[Result "1-0"]
[Round "1"]
[TimeControl "180+2"]
[Date "2023.06.13"]
[WhiteClock "0:01:56"]
[BlackClock "0:00:00"]
[Board "164"]

1. d4 f5 2. Bg5 g6 3. h4 h6 4. Bf4 d6 5. e3 Nf6 6. Qf3 c6 7. Nc3 Be6 8. O-O-O Nbd7 9. Bd3 Qa5 10. a3 Nd5 11. Nxd5 Qxd5 12. Qg3 Bf7 13. Ne2 Qa2 14. Nc3 Qa1+ 15. Nb1 Nf6 16. f3 Nh5 17. Qf2 Ba2 18. c3 Bg7 19. Bh2 Bxb1 20. Bxb1 O-O-O 21. Kc2 Kb8 22. Kb3 c5 23. Bd3 c4+ 24. Bxc4 Qxd1+ 25. Rxd1 1-0


[Site "https://www.chess.com"]

[Event "Titled Tuesday Blitz June 13 Early 2023"]
[White "Zhukov, Maksim"]
[Black "Melikyan, Gnel"]
[WhiteFideId "34181790"]
[BlackFideId "54109990"]
[WhiteElo "1925"]
[BlackElo "2138"]
[Result "0-1"]
[Round "1"]
[TimeControl "180+2"]
[Date "2023.06.13"]
[WhiteClock "0:02:10"]
[BlackClock "0:02:05"]
[Board "165"]

1. d4 Nf6 2. Bf4 c5 3. e3 cxd4 4. exd4 g6 5. c3 Bg7 6. Nf3 O-O 7. h3 d6 8. Nbd2 Nc6 9. Be2 Re8 10. O-O e5 11. dxe5 dxe5 12. Bh2 e4 13. Ne1 e3 14. fxe3 Be6 15. Nc2 Qb6 16. Rb1 Bxa2 17. Ra1 Qxb2 18. c4 Rad8 19. Qc1 Qxc1 20. Rfxc1 Rxd2 21. Rxa2 Rxe2 0-1


[Site "https://www.chess.com"]

[Event "Titled Tuesday Blitz June 13 Early 2023"]
[White "Domingo Nunez, Alejandro"]
[Black "Marchesich, Giovanni"]
[WhiteFideId "22245561"]
[BlackFideId "2824790"]
[WhiteElo "2291"]
[BlackElo "2213"]
[Result "1-0"]
[Round "1"]
[TimeControl "180+2"]
[Date "2023.06.13"]
[WhiteClock "0:00:05"]
[BlackClock "0:00:00"]
[Board "166"]

1. Nf3 c5 2. g3 g6 3. Bg2 Bg7 4. d4 cxd4 5. Nxd4 Nf6 6. c4 O-O 7. Nc3 Nc6 8. Nc2 Qa5 9. O-O d6 10. Nd5 Nxd5 11. cxd5 Nb8 12. Bd2 Qd8 13. Rb1 Na6 14. b4 Bd7 15. Ne3 Rc8 16. Qb3 f5 17. Nc4 Bb5 18. Rfc1 Qd7 19. a3 h6 20. Qa2 g5 21. e3 Ba4 22. Bc3 Bxc3 23. Rxc3 b5 24. Nb6 axb6 25. Rc6 Nb8 26. Rbc1 Kh7 27. h4 Nxc6 28. dxc6 Qe8 29. hxg5 hxg5 30. Bd5 Rf6 31. Be6 Rc7 32. Qd5 Qg6 33. Bd7 e6 34. Qxd6 Qg7 35. Qxc7 Qh6 36. Qe5 Kg6 37. Be8+ Kg7 38. c7 1-0


[Site "https://www.chess.com"]

[Event "Titled Tuesday Blitz June 13 Early 2023"]
[White "Wieczorek, Zbigniew"]
[Black "Koellner, Ruben Gideon"]
[WhiteFideId "1102001"]
[BlackFideId "12993093"]
[WhiteElo "2293"]
[BlackElo "2314"]
[Result "1-0"]
[Round "1"]
[TimeControl "180+2"]
[Date "2023.06.13"]
[WhiteClock "0:01:40"]
[BlackClock "0:00:00"]
[Board "167"]

1. Nf3 d6 2. c4 e5 3. Nc3 Nf6 4. g3 Be7 5. d3 O-O 6. Bg2 c6 7. O-O Be6 8. Rb1 Nbd7 9. Ng5 Bf5 10. e4 Bg6 11. f4 h6 12. Nf3 Qb6+ 13. Kh1 a5 14. f5 Bh5 15. h3 Bxf3 16. Bxf3 Rfd8 17. Qe2 Qc7 18. h4 Rab8 19. Be3 b5 20. b3 b4 21. Na4 Nc5 22. Nxc5 dxc5 23. Rg1 Nh7 24. Rbd1 Rd7 25. Qf2 Qd8 26. Be2 Qf8 27. g4 f6 28. Rg2 a4 29. Rdg1 axb3 30. axb3 Ra8 31. g5 fxg5 32. hxg5 Nxg5 33. Bxg5 Bxg5 34. Rxg5 hxg5 35. Rxg5 Rd6 36. Qh2 Ra1+ 37. Kg2 1-0


[Site "https://www.chess.com"]

[Event "Titled Tuesday Blitz June 13 Early 2023"]
[White "Nagare Kaivalya Sandip"]
[Black "Skuhala, Barbara"]
[WhiteFideId "25957929"]
[BlackFideId "14605465"]
[WhiteElo "2024"]
[BlackElo "2105"]
[Result "1-0"]
[Round "1"]
[TimeControl "180+2"]
[Date "2023.06.13"]
[WhiteClock "0:02:12"]
[BlackClock "0:02:14"]
[Board "168"]

1. e4 c5 2. Nf3 d6 3. d4 cxd4 4. Nxd4 Nf6 5. Nc3 a6 6. Bg5 h6 7. Bxf6 exf6 8. Bc4 Nc6 9. O-O Be7 10. Nd5 Be6 11. Nxe6 fxe6 12. Qh5+ Kf8 13. Nf4 Nd4 14. Ng6+ Kg8 15. Rad1 b5 16. Bd5 exd5 17. Rxd4 dxe4 18. Rxe4 Bf8 19. Rfe1 Rc8 20. Nxh8 Kxh8 21. Re8 1-0


[Site "https://www.chess.com"]

[Event "Titled Tuesday Blitz June 13 Early 2023"]
[White "Vasques, Antonio Pedro Freixial"]
[Black "Kvaloy, Aksel Bu"]
[WhiteFideId "1908332"]
[BlackFideId "1528815"]
[WhiteElo "2212"]
[BlackElo "2318"]
[Result "0-1"]
[Round "1"]
[TimeControl "180+2"]
[Date "2023.06.13"]
[WhiteClock "0:00:13"]
[BlackClock "0:01:40"]
[Board "169"]

1. e4 e5 2. Nf3 Nf6 3. Nxe5 Nc6 4. Nxc6 dxc6 5. Nc3 Bc5 6. Be2 h5 7. O-O Ng4 8. h3 Qd6 9. e5 Nxe5 10. d4 Qxd4 11. Be3 Qxd1 12. Raxd1 Bxe3 13. fxe3 Be6 14. Ne4 f6 15. Nc5 Bc8 16. Bd3 b6 17. Ne4 Be6 18. b3 c5 19. Bb5+ Ke7 20. Nc3 Rad8 21. e4 Rd4 22. Nd5+ Bxd5 23. exd5 Kd6 24. c4 Rxd1 25. Rxd1 h4 26. Kf2 Rh5 27. Be8 Rh8 28. Bb5 a6 29. Ba4 Rb8 30. Bc6 b5 31. cxb5 axb5 32. a4 bxa4 33. Bxa4 c4 34. bxc4 Nxc4 35. Kf3 Ne5+ 36. Ke4 Rb4+ 37. Kf5 0-1


[Site "https://www.chess.com"]

[Event "Titled Tuesday Blitz June 13 Early 2023"]
[White "Moral Garcia, Serafin"]
[Black "Samaganova, Aleksandra"]
[WhiteFideId "2201925"]
[BlackFideId "13800221"]
[WhiteElo "2274"]
[BlackElo "1858"]
[Result "1-0"]
[Round "1"]
[TimeControl "180+2"]
[Date "2023.06.13"]
[WhiteClock "0:00:19"]
[BlackClock "0:00:00"]
[Board "170"]

1. c4 c5 2. Nc3 Nf6 3. g3 e6 4. Bg2 Nc6 5. Nf3 d5 6. cxd5 exd5 7. d4 cxd4 8. Nxd4 Be7 9. O-O O-O 10. b3 h6 11. Bb2 Be6 12. Rc1 Rc8 13. Ncb5 Nxd4 14. Nxd4 Qd7 15. Qd3 a6 16. Rfd1 Rxc1 17. Rxc1 Rc8 18. Rd1 Qc7 19. h3 Nd7 20. Nxe6 fxe6 21. Bxd5 Nf8 22. Be4 Bc5 23. Rc1 Qb8 24. Kg2 Rd8 25. Qf3 b6 26. Qg4 Qa7 27. e3 Qf7 28. Qf3 Qe7 29. Bc3 a5 30. Rc2 Ba3 31. Rd2 Rc8 32. Be5 Bc5 33. Qg4 Kh8 34. h4 Kg8 35. Qh5 Nh7 36. Qg6 Nf8 37. Qg4 Qf7 38. Rc2 Qe7 39. a3 Rd8 40. a4 Bb4 41. Rc6 Rd7 42. Rxb6 Bc5 43. Ra6 Qf7 44. Rxa5 Bb4 45. Rb5 Be1 46. Qe2 Bd2 47. a5 Bc1 48. Qf3 Ba3 49. Qxf7+ Kxf7 50. a6 Ra7 51. Rb7+ Rxb7 52. axb7 Nd7 53. b8=Q Nxb8 54. Bxb8 Bb4 55. Be5 Bd2 56. f4 Bb4 57. Kf3 g6 58. Bd3 h5 59. g4 hxg4+ 60. Kxg4 Be1 61. e4 Bb4 62. h5 gxh5+ 63. Kxh5 Bd2 64. Kg5 Ke7 65. Bc4 Kd7 66. Kg6 Be1 67. Kf7 Bd2 68. Bxe6+ Kd8 69. f5 1-0


[Site "https://www.chess.com"]

[Event "Titled Tuesday Blitz June 13 Early 2023"]
[White "Al Mukhaini, Shima"]
[Black "ArtemDyachuk"]
[WhiteFideId "22005854"]
[WhiteElo "2279"]
[BlackElo "2602"]
[Result "0-1"]
[Round "1"]
[TimeControl "180+2"]
[Date "2023.06.13"]
[WhiteClock "0:00:00"]
[BlackClock "0:00:03"]
[Board "171"]

1. b3 e5 2. Bb2 Nc6 3. e3 d5 4. Bb5 Qg5 5. Qf3 Nf6 6. Qg3 Qxg3 7. hxg3 Bd6 8. Bxc6+ bxc6 9. d3 Bf5 10. Nf3 Ng4 11. Nbd2 f6 12. e4 dxe4 13. Nxe4 Bb4+ 14. Ke2 O-O-O 15. Rad1 Bxe4 16. dxe4 Bc5 17. Rxd8+ Kxd8 18. Rf1 Ke7 19. Ne1 Rd8 20. Nd3 Bb6 21. Bc1 Rg8 22. f3 Nh6 23. Bxh6 gxh6 24. g4 h5 25. Rh1 hxg4 26. Rxh7+ Ke6 27. fxg4 Rxg4 28. Kf3 Rg6 29. g4 Rg8 30. Nb4 Kd6 31. Nd3 Ke6 32. Nb4 Kd6 33. Rf7 a5 34. Nd3 Ke6 35. Rh7 a4 36. b4 Rd8 37. Rh6 Kf7 38. Rh7+ Ke6 39. Rg7 Rh8 40. Kg2 Rd8 41. Kg3 Rd4 42. Kf3 Rc4 43. Nc5+ Bxc5 44. bxc5 Rc3+ 45. Ke2 Rxc2+ 46. Kd3 Rxc5 47. Rxc7 Rc1 48. Ra7 Rg1 49. Rxa4 Rxg4 50. Ra6 Kd6 51. Ra8 Rg3+ 52. Kd2 Kc5 53. a4 Kd4 54. Rf8 Rf3 55. Rc8 Kxe4 56. Rxc6 f5 57. Rc4+ Kd5 58. Rb4 Ra3 59. Rb5+ Kd6 60. a5 f4 61. Rb6+ Kd5 62. Rb5+ Ke4 0-1


[Site "https://www.chess.com"]

[Event "Titled Tuesday Blitz June 13 Early 2023"]
[White "Iskusnyh, Sergei"]
[Black "Antonio, Jorge Carlos"]
[WhiteFideId "4120027"]
[BlackFideId "113190"]
[WhiteElo "2492"]
[BlackElo "2247"]
[Result "1-0"]
[Round "1"]
[TimeControl "180+2"]
[Date "2023.06.13"]
[WhiteClock "0:01:12"]
[BlackClock "0:00:45"]
[Board "172"]

1. d4 d5 2. c4 c6 3. Nf3 Nf6 4. e3 Bg4 5. h3 Bxf3 6. Qxf3 e6 7. Bd3 Nbd7 8. Nd2 Be7 9. O-O O-O 10. b3 Rc8 11. Bb2 Nb6 12. Qe2 Re8 13. c5 Nbd7 14. f4 Nf8 15. b4 N6d7 16. Nf3 b6 17. Rab1 bxc5 18. bxc5 Qa5 19. Qc2 Rb8 20. Bc3 Qc7 21. Rb3 Rxb3 22. axb3 Rb8 23. Ra1 Qb7 24. b4 f6 25. e4 Qc7 26. e5 f5 27. Qa4 Ra8 28. b5 cxb5 29. Bxb5 Nb8 30. Ba5 Qb7 31. c6 Qc8 32. c7 Nbd7 33. Bc6 h6 34. Rc1 Nb6 35. Bxb6 axb6 36. Bxa8 b5 37. Qa7 Nd7 38. Bb7 1-0


[Site "https://www.chess.com"]

[Event "Titled Tuesday Blitz June 13 Early 2023"]
[White "Sarkar, Justin"]
[Black "Dixit, Nikhil"]
[WhiteFideId "2010011"]
[BlackFideId "5059534"]
[WhiteElo "2151"]
[BlackElo "2207"]
[Result "1-0"]
[Round "1"]
[TimeControl "180+2"]
[Date "2023.06.13"]
[WhiteClock "0:00:57"]
[BlackClock "0:00:21"]
[Board "173"]

1. Nc3 c5 2. Nf3 Nc6 3. e4 e5 4. Bc4 d6 5. d3 h6 6. Nd2 Nf6 7. Nf1 Be7 8. Ne3 a6 9. a4 b6 10. O-O Be6 11. Ncd5 Nd4 12. c3 Nc6 13. f4 exf4 14. Rxf4 Ne5 15. Bb3 O-O 16. Rf1 Nxd5 17. Nxd5 Rb8 18. d4 Nd7 19. Nxe7+ Qxe7 20. d5 c4 21. Bc2 Ne5 22. dxe6 fxe6 23. Be3 b5 24. axb5 axb5 25. Ra7 Rxf1+ 26. Qxf1 Qe8 27. Bd4 Nc6 1-0


[Site "https://www.chess.com"]

[Event "Titled Tuesday Blitz June 13 Early 2023"]
[White "robertoalejandro10"]
[Black "Zaksaite, Salomeja"]
[BlackFideId "12801496"]
[WhiteElo "2601"]
[BlackElo "2059"]
[Result "0-1"]
[Round "1"]
[TimeControl "180+2"]
[Date "2023.06.13"]
[WhiteClock "0:00:18"]
[BlackClock "0:00:03"]
[Board "174"]

1. Nf3 Nf6 2. c4 g6 3. g3 d6 4. Bg2 e5 5. Nc3 Bg7 6. O-O Nc6 7. b3 O-O 8. Bb2 Re8 9. d3 Bd7 10. Rc1 Qc8 11. d4 e4 12. Ng5 e3 13. f4 h6 14. Nf3 Bh3 15. a3 Bxg2 16. Kxg2 Ng4 17. d5 Ne7 18. Qc2 Nf5 19. Nb5 Nf2 20. Bxg7 Nxg7 21. Rxf2 exf2 22. Kxf2 Nf5 23. e4 Ng7 24. Re1 a6 25. Nbd4 c5 26. Ne2 b5 27. Nc3 bxc4 28. bxc4 Rb8 29. e5 Nf5 30. Ne4 dxe5 31. Nf6+ Kf8 32. Nxe8 Qxe8 33. Rxe5 Qd7 34. Qc3 Kg8 35. g4 Nd6 36. Qd3 Qxg4 37. Qe3 Rb2+ 38. Nd2 Qh4+ 39. Kg1 Qg4+ 40. Kf2 Qh4+ 41. Kg2 Qg4+ 42. Kf1 Qd1+ 43. Qe1 Qxd2 44. Qxd2 Rxd2 45. Re7 Ra2 46. Ra7 Rxa3 47. Kf2 a5 48. Ra6 a4 49. Ra8+ Kg7 50. Ra6 Nxc4 51. Ra7 Ra2+ 52. Kf3 a3 53. Ra4 Nd2+ 54. Kg4 Ra1 55. d6 Ne4 56. d7 Rd1 57. Rxe4 a2 58. Ra4 Rxd7 59. Rxa2 c4 60. Rc2 Rc7 61. f5 c3 62. fxg6 Kxg6 63. Kf4 f5 64. h4 Kf6 65. Ke3 Ke6 66. Kd4 Kf6 67. Kd3 Ke5 68. Rc1 c2 69. Kd2 f4 70. Re1+ Kf5 71. Kc1 Kg4 72. Re6 h5 73. Rf6 Rc5 74. Rf8 f3 75. Rg8+ Kxh4 76. Rc8 Rxc8 0-1


[Site "https://www.chess.com"]

[Event "Titled Tuesday Blitz June 13 Early 2023"]
[White "Putri, Regita Desyari"]
[Black "Pastar, Slaven"]
[WhiteFideId "7109083"]
[BlackFideId "14402718"]
[WhiteElo "1930"]
[BlackElo "2219"]
[Result "1/2-1/2"]
[Round "1"]
[TimeControl "180+2"]
[Date "2023.06.13"]
[WhiteClock "0:00:07"]
[BlackClock "0:00:04"]
[Board "175"]

1. d4 b6 2. Nf3 Bb7 3. g3 Nf6 4. Bg2 g6 5. O-O Bg7 6. c4 O-O 7. Nc3 Ne4 8. Qd3 Nxc3 9. bxc3 Nc6 10. a4 Na5 11. Ba3 Ba6 12. Nd2 Rc8 13. Bb4 Nxc4 14. Nxc4 d5 15. Qe3 c5 16. dxc5 Bxc4 17. cxb6 Qxb6 18. Qxb6 axb6 19. Rfc1 Rc7 20. Kf1 Rfc8 21. Ke1 e6 22. Kd2 Ra7 23. a5 bxa5 24. Rxa5 Rxa5 25. Bxa5 Ra8 26. Bb4 Ra2+ 27. Rc2 Rxc2+ 28. Kxc2 Bxe2 29. Kd2 Bc4 30. f4 Bf6 31. Ke3 Bd8 32. Bc5 Bf6 33. Bb4 h5 34. Bf3 h4 35. g4 g5 36. h3 gxf4+ 37. Kxf4 e5+ 38. Kf5 Bg7 39. Bd1 Bf1 40. Bb3 e4 41. Bxd5 e3 42. c4 Bxh3 43. Be1 e2 44. c5 Kf8 45. c6 Ke8 46. Bc4 Kd8 47. Bxe2 Bg2 48. Bxh4+ Kc7 49. Bb5 Bxc6 50. Bxc6 Kxc6 51. Bf6 Bf8 52. g5 Kd7 53. g6 fxg6+ 54. Kxg6 1/2-1/2


[Site "https://www.chess.com"]

[Event "Titled Tuesday Blitz June 13 Early 2023"]
[White "Mhango, Banele"]
[Black "Liu, Kelsey"]
[WhiteFideId "14327040"]
[BlackFideId "30944481"]
[WhiteElo "2204"]
[BlackElo "2267"]
[Result "1-0"]
[Round "1"]
[TimeControl "180+2"]
[Date "2023.06.13"]
[WhiteClock "0:01:42"]
[BlackClock "0:01:21"]
[Board "176"]

1. Nf3 Nf6 2. g3 e6 3. Bg2 d5 4. O-O Be7 5. d4 O-O 6. c4 dxc4 7. Qc2 c5 8. dxc5 Bxc5 9. Qxc4 Nbd7 10. Nc3 a6 11. Qb3 Qe7 12. Rd1 Rb8 13. a4 b6 14. Bf4 e5 15. Bg5 Bb7 16. e3 h6 17. Bxf6 Nxf6 18. Nh4 Bxg2 19. Kxg2 g6 20. Nd5 Nxd5 21. Rxd5 Kg7 22. Qc3 Rfe8 23. Nf3 f6 24. Rad1 Red8 25. Qd2 Rxd5 26. Qxd5 b5 27. axb5 Rxb5 28. Qc6 Rb6 29. Qc8 Rd6 30. Qxc5 1-0


[Site "https://www.chess.com"]

[Event "Titled Tuesday Blitz June 13 Early 2023"]
[White "Bommini Mounika Akshaya"]
[Black "Chernobay, Artem"]
[WhiteFideId "25019872"]
[BlackFideId "4167406"]
[WhiteElo "2087"]
[BlackElo "2474"]
[Result "0-1"]
[Round "1"]
[TimeControl "180+2"]
[Date "2023.06.13"]
[WhiteClock "0:01:49"]
[BlackClock "0:01:43"]
[Board "177"]

1. d4 Nf6 2. c4 g6 3. Nc3 Bg7 4. e4 d6 5. f4 O-O 6. Nf3 e5 7. d5 exf4 8. Bxf4 Nxe4 9. Nxe4 Re8 10. Bd3 f5 11. Qc2 fxe4 12. Bxe4 Bf5 13. Nd2 Bxe4 14. Nxe4 Qh4+ 15. g3 Qe7 16. O-O-O Qxe4 0-1


[Site "https://www.chess.com"]

[Event "Titled Tuesday Blitz June 13 Early 2023"]
[White "Sipila, Vilka"]
[Black "SicilianPanzer"]
[WhiteFideId "505455"]
[WhiteElo "2343"]
[BlackElo "2265"]
[Result "1-0"]
[Round "1"]
[TimeControl "180+2"]
[Date "2023.06.13"]
[WhiteClock "0:02:36"]
[BlackClock "0:00:15"]
[Board "178"]

1. b3 Nf6 2. Bb2 g6 3. Nf3 Bg7 4. g3 O-O 5. Bg2 c5 6. c4 Nc6 7. O-O d5 8. cxd5 Nxd5 9. Bxg7 Kxg7 10. Qc1 b6 11. Rd1 Bb7 12. d4 cxd4 13. Nxd4 Rc8 14. Nxc6 Rxc6 15. Qb2+ Rf6 16. Bxd5 Bxd5 17. Nc3 e6 18. e4 1-0


[Site "https://www.chess.com"]

[Event "Titled Tuesday Blitz June 13 Early 2023"]
[White "Afanasieva, Alexandra"]
[Black "Moksh Amit Doshi"]
[WhiteFideId "34126926"]
[BlackFideId "25064967"]
[WhiteElo "1736"]
[BlackElo "2297"]
[Result "1-0"]
[Round "1"]
[TimeControl "180+2"]
[Date "2023.06.13"]
[WhiteClock "0:00:44"]
[BlackClock "0:01:17"]
[Board "179"]

1. e4 c5 2. Nf3 e6 3. d4 cxd4 4. Nxd4 Nc6 5. Nc3 Qc7 6. g3 a6 7. Bg2 h5 8. h4 Nf6 9. O-O Bc5 10. Nxc6 dxc6 11. Bf4 e5 12. Bg5 Ng4 13. Qf3 O-O 14. Rad1 Be6 15. b3 Bd4 16. Ne2 Ba7 17. Rd3 f6 18. Be3 Nxe3 19. fxe3 Bg4 20. Qf2 Rad8 21. Rfd1 Rxd3 22. cxd3 Rd8 23. Bf3 Qb6 24. Bxg4 Qxe3 25. Be6+ Kf8 26. Qxe3 Bxe3+ 27. Kg2 Ke7 28. Bf5 Rh8 29. Kf3 Kf7 30. Kxe3 1-0


[Site "https://www.chess.com"]

[Event "Titled Tuesday Blitz June 13 Early 2023"]
[White "Bayo Milagro, Alvaro"]
[Black "Levitan, Caleb Levi"]
[WhiteFideId "22275240"]
[BlackFideId "14332620"]
[WhiteElo "2270"]
[BlackElo "1963"]
[Result "0-1"]
[Round "1"]
[TimeControl "180+2"]
[Date "2023.06.13"]
[WhiteClock "0:01:48"]
[BlackClock "0:01:23"]
[Board "180"]

1. d4 d5 2. c4 e6 3. Nf3 Nf6 4. g3 dxc4 5. Bg2 Bb4+ 6. Bd2 c5 7. dxc5 Bxc5 8. Qa4+ Nbd7 9. Qxc4 b5 10. Qc1 Bb7 11. O-O O-O 12. Rd1 Rc8 13. Bc3 Qb6 14. e3 b4 15. Bxf6 Nxf6 16. Qd2 Rfd8 17. Qe1 Rxd1 18. Qxd1 Bxe3 19. Nbd2 Bxf2+ 20. Kh1 Be3 21. h3 Bxd2 22. Qxd2 Ne4 23. Qe1 Nf2+ 24. Kh2 Rc2 25. Rc1 Nd3 26. Qd1 Rxc1 27. Qxd3 Bxf3 0-1


[Site "https://www.chess.com"]

[Event "Titled Tuesday Blitz June 13 Early 2023"]
[White "Vila Dupla, Aurelio"]
[Black "Girya, Olga"]
[WhiteFideId "2203383"]
[BlackFideId "4195752"]
[WhiteElo "2009"]
[BlackElo "2263"]
[Result "1/2-1/2"]
[Round "1"]
[TimeControl "180+2"]
[Date "2023.06.13"]
[WhiteClock "0:00:24"]
[BlackClock "0:00:07"]
[Board "181"]

1. Nf3 d5 2. d4 Nf6 3. c4 e6 4. cxd5 exd5 5. Nc3 c6 6. Qc2 g6 7. Bg5 Be7 8. e3 Bf5 9. Bd3 Bxd3 10. Qxd3 Nbd7 11. O-O O-O 12. Rfe1 Re8 13. Rad1 Ne4 14. Bxe7 Qxe7 15. Nd2 Nxd2 16. Rxd2 Rad8 17. f3 f5 18. e4 dxe4 19. fxe4 Kh8 20. Rde2 Nc5 21. Qc2 Nxe4 22. Nxe4 fxe4 23. Rxe4 Qd7 24. Qc3 Rxe4 25. Rxe4 Qd5 26. Re5 Qxd4+ 27. Qxd4 Rxd4 28. Re8+ Kg7 29. Re7+ Kf6 30. Rxb7 a5 31. Rb6 Rc4 32. Kf2 Rc2+ 33. Kf3 Ke6 34. Rb7 h5 35. Rb8 Kd6 36. h3 a4 37. g4 hxg4+ 38. Kxg4 Kc5 39. h4 Rg2+ 40. Kf3 Rh2 41. Kg4 Rg2+ 42. Kf3 Rh2 43. Kg4 Rc2 44. Kg5 Rg2+ 45. Kf4 a3 46. bxa3 Rxa2 47. Kg5 Rxa3 48. Kxg6 Rg3+ 49. Kf6 Rh3 50. Kg5 Kc4 51. h5 c5 52. h6 Kd3 53. Kg6 c4 54. Rd8+ Kc2 55. Rc8 c3 56. h7 Kd2 57. Kg7 Rxh7+ 58. Kxh7 c2 59. Rxc2+ Kxc2 1/2-1/2


[Site "https://www.chess.com"]

[Event "Titled Tuesday Blitz June 13 Early 2023"]
[White "RobertDowneyJr0111"]
[Black "Chakravarthi Reddy, M"]
[BlackFideId "25009532"]
[WhiteElo "2590"]
[BlackElo "2201"]
[Result "1-0"]
[Round "1"]
[TimeControl "180+2"]
[Date "2023.06.13"]
[WhiteClock "0:02:10"]
[BlackClock "0:01:18"]
[Board "182"]

1. e4 e5 2. Nf3 Nc6 3. Bc4 Nf6 4. O-O Bc5 5. d4 Nxd4 6. Nxe5 O-O 7. Be3 d6 8. Nxf7 Rxf7 9. Bxf7+ Kxf7 10. Bxd4 Nxe4 11. Qh5+ Kg8 12. Qd5+ Kh8 13. Qxe4 d5 14. Qe5 Bxd4 15. Qxd4 c6 16. Nd2 Bf5 17. c3 Qg5 18. Nf3 Qh5 19. Rfe1 Be4 20. Re3 Rf8 21. Rae1 Bxf3 22. Rxf3 Rxf3 23. gxf3 h6 24. Qg4 1-0


[Site "https://www.chess.com"]

[Event "Titled Tuesday Blitz June 13 Early 2023"]
[White "Fudalej, Michal"]
[Black "Becerra, Juan David"]
[WhiteFideId "1118781"]
[BlackFideId "4404998"]
[WhiteElo "2088"]
[BlackElo "2304"]
[Result "0-1"]
[Round "1"]
[TimeControl "180+2"]
[Date "2023.06.13"]
[WhiteClock "0:00:03"]
[BlackClock "0:00:19"]
[Board "183"]

1. Nf3 d5 2. g3 Bg4 3. Bg2 Nd7 4. d4 e6 5. O-O Ngf6 6. b3 Be7 7. c4 O-O 8. Nc3 c6 9. Re1 Rc8 10. Bb2 Bb4 11. a3 Bxc3 12. Bxc3 Ne4 13. Bb2 f5 14. Ne5 Nxe5 15. dxe5 Bh5 16. Qd4 c5 17. Qd3 d4 18. Bxe4 fxe4 19. Qxe4 b6 20. Rad1 Rc7 21. Rd2 Bg6 22. Qg2 Qg5 23. f4 Qh6 24. e3 d3 25. e4 Rd7 26. Re3 Rfd8 27. Qf3 Bh5 28. g4 Be8 29. Bc1 Rd4 30. Rexd3 Bc6 31. Rxd4 cxd4 32. Rd1 Qg6 33. f5 exf5 34. exf5 Bxf3 35. fxg6 Bxd1 36. gxh7+ Kxh7 0-1


[Site "https://www.chess.com"]